 Dungeon Crawl Stone Soup version 0.21-a0-360-g65c131b (webtiles) character file.

221 Horrz the Skirmisher (level 5, -2/43 HPs)
             Began as a Demonspawn Abyssal Knight on Oct 13, 2017.
             Was a Believer of Lugonu.
             Slain by an ogre
             ... wielding a +0 giant club
              (5 damage)
             ... on level 4 of the Dungeon.
             The game lasted 00:12:30 (4555 turns).

Horrz the Skirmisher (Demonspawn Abyssal Knight)    Turns: 4555, Time: 00:12:30

Health: -2/43      AC:  7    Str: 12    XL:     5   Next: 65%
Magic:  6/6        EV: 11    Int: 13    God:    Lugonu [**....]
Gold:   171        SH:  9    Dex: 19    Spells: 4/4 levels left

rFire    . . .     SeeInvis .   a - +1 hand axe
rCold    + . .     Gourm    .   r - +2 shield
rNeg     . . .     Faith    .   g - +0 scale mail
rPois    +         Spirit   .   (helmet restricted)
rElec    .         Reflect  .   (no cloak)
rCorr    .         Harm     .   l - +0 pair of gloves
MR       .....                  (no boots)
Stlth    +.........             (no amulet)
HPRegen  0.14/turn              h - ring of protection from cold
MPRegen  0.10/turn              q - ring of poison resistance

@: agile
A: antennae 1, demonic guardian 1, powered by pain 1
a: Depart the Abyss, Bend Space, Renounce Religion


You were on level 4 of the Dungeon.
You worshipped Lugonu.
Lugonu was pleased with you.
You were not hungry.

You visited 1 branch of the dungeon, and saw 4 of its levels.
You visited the Abyss 1 time.

You collected 171 gold pieces.

Inventory:

Hand Weapons
 a - a +1 hand axe (weapon)
Armour
 g - a +0 scale mail (worn)
 l - a +0 pair of gloves (worn)
 r - a +2 shield (worn)
 u - a +0 plate armour
Jewellery
 h - a ring of protection from cold (left hand)
 q - a ring of poison resistance (right hand)
Scrolls
 b - 3 scrolls of fear {unknown}
 e - 2 scrolls of teleportation {unknown}
 f - 3 scrolls of identify {unknown}
 i - 2 scrolls of recharging {unknown}
 n - a scroll of amnesia {unknown}
 p - a scroll of magic mapping {unknown}
 s - a scroll of enchant weapon {unknown}
Potions
 d - a potion of lignification
 k - 2 potions of brilliance {unknown}
 m - a potion of ambrosia {unknown}
Books
 o - a book of Cantrips

   Spells                             Type                      Level
   a - Confusing Touch                Hexes                        1
   b - Animate Skeleton               Necromancy                   1
   c - Summon Small Mammal            Summoning                    1
   d - Apportation                    Translocation                1
Comestibles
 c - 4 bread rations
 j - 2 royal jellies


   Skills:
 + Level 4.5 Fighting
 + Level 3.5 Axes
 + Level 3.1 Armour
 - Level 0.8 Dodging
 + Level 0.0 Shields
 - Level 2.4 Invocations


You had 4 spell levels left.
You didn't know any spells.

Dungeon Overview and Level Annotations

Branches:
Dungeon (4/15)
 Temple: D:4-7

Altars:
Sif Muna
Xom


Innate Abilities, Weirdness & Mutations

You have a pair of small antennae on your head.
A weak demonic guardian rushes to your aid.
You sometimes gain a little power by taking damage.


Message History

The ogre is heavily wounded.
Your ufetubus hits the ogre.
Your ufetubus closely misses the ogre.
You block the ogre's attack.
Your ufetubus hits the ogre but does no damage.
Your ufetubus barely misses the ogre.
The worker ant bites your ufetubus. The ogre closely misses your ufetubus.
You hit the ogre.
The ogre is severely wounded.
Your ufetubus barely misses the ogre.
Your ufetubus closely misses the ogre.
The worker ant bites your ufetubus.
Your ufetubus dies!
The ogre hits you with a giant club!!
Ouch! That really hurt!
* * * LOW HITPOINT WARNING * * *
You focus on the pain.
You feel agile all of a sudden.
You hit the ogre.
The ogre is severely wounded.
The ogre hits you with a giant club.
You die...

#.# #.# #. #.# #.# #.
#.######.# #. #
#........########. # #.#
#.########........ # #.#
#...# #.######. # #.# #a#.#
#.# #.. # #.# #O#.# #.# #.#
# #####.# #@#.# #.# #.. #
...#.# #.#.# #.# ### ##
#.#.######.#.# #.# .#
#............# #.#
#######...##.......######.#
...[......................#
########.......##.#########
#.#####.##.# #.# #.##.#


You could see an ogre and a worker ant.

Vanquished Creatures
  A worker ant (D:3)
  2 orc wizards (D:3)
  A gnoll (D:2)
  8 adders
  An ooze (D:2)
  A worm (D:2)
  3 leopard geckos
  An orc (D:3)
  4 bats
  3 giant cockroaches
  4 goblins
  4 hobgoblins
  4 jackals
  3 kobolds
  4 frilled lizards
  8 rats
52 creatures vanquished.

Vanquished Creatures (collateral kills)
  An orc wizard (D:3)
  2 gnolls (D:2)
  An orc (D:3)
4 creatures vanquished.

Grand Total: 56 creatures vanquished

Notes
Turn   | Place    | Note
-------+----------+-------------------------------------------
     0 | Abyss:1  | Horrz the Demonspawn Abyssal Knight began the quest for the Orb.
     0 | Abyss:1  | Reached XP level 1. HP: 18/18 MP: 2/2
    74 | Abyss:1  | Noticed a ynoxinul
    76 | D:1      | Escaped the Abyss
   220 | D:1      | Reached * piety under Lugonu
   230 | D:1      | Gained mutation: You sometimes gain a little power by taking damage. [demonic ancestry]
   230 | D:1      | Reached XP level 2. HP: 19/24 MP: 3/3
  1098 | D:2      | Gained mutation: A weak demonic guardian rushes to your aid. [demonic ancestry]
  1098 | D:2      | Reached XP level 3. HP: 20/29 MP: 4/4
  1505 | D:2      | HP: 1/45 [gnoll/spear (3)]
  1518 | D:2      | Gained mutation: You have a pair of small antennae on your head. [demonic ancestry]
  1518 | D:2      | Reached XP level 4. HP: 6/37 MP: 5/5
  2302 | D:2      | Reached skill level 4 in Fighting
  2915 | D:2      | Found a deep blue altar of Sif Muna.
  3069 | D:2      | You fall through a shaft!
  3679 | D:3      | Reached ** piety under Lugonu
  3679 | D:3      | Reached XP level 5. HP: 39/42 MP: 6/6
  4285 | D:3      | Found a shimmering altar of Xom.
  4530 | D:4      | Noticed an ogre
  4555 | D:4      | Slain by an ogre

Vault maps used:
D:1:      dpeg_arrival_rooms_c
D:2:      marbit_many_paths
D:3:      first_bread, serial_bayou_ford_a, brannock_xom_greatest_gift

Skill      XL: |  1  2  3  4  5 |
---------------+----------------+-----
Axes           | 2 3 |  3.5
Armour         | 2 3 |  3.1
Fighting       | 4 |  4.5
Dodging        | |  0.8
Invocations    | |  2.4

Action                   |  1- 3 |  4- 6 || total
-------------------------+-------+-------++-------
Melee: Hand axe          |    79 |   166 ||   245
Invok: Depart the Abyss  |     1 |       ||     1
  Use: Potion            |     2 |       ||     2
  Eat: Chunk             |     1 |    11 ||    12
Armor: Leather armour    |    11 |       ||    11
       Scale mail        |    20 |    81 ||   101
       Skin              |     2 |       ||     2
Dodge: Dodged            |    48 |    81 ||   129
Block: Shield            |       |     5 ||     5

Table legend:
 A = Spawn XP
 B = Non-spawn XP
 C = Spawn XP percentage of total XP
 D = Spawn monster count
 E = Non-spawn monster count
 F = Spawn count percentage of total count
 G = Total turns spent on level
                    A         B        C        D         E        F      G
               +---------+---------+-------+---------+---------+-------+---------
         Total |       0 |     317 |   0.0 |       0 |      56 |   0.0 |  4555
               +---------+---------+-------+---------+---------+-------+---------
           D:1 |       0 |      28 |   0.0 |       0 |      18 |   0.0 |  1015
           D:2 |       0 |     129 |   0.0 |       0 |      19 |   0.0 |  2054
           D:3 |       0 |     157 |   0.0 |       0 |      18 |   0.0 |  1264
           D:4 |       0 |       3 |   0.0 |       0 |       1 |   0.0 |   146
               +---------+---------+-------+---------+---------+-------+---------
